 Dungeon Crawl Stone Soup version 0.22.1-5-g62c59d9 (webtiles) character file.

59 manyhoops the Skirmisher (level 4, -6/41 HPs)
             Began as a Gnoll Wanderer on Jan 9, 2019.
             Mangled by an ice beast (13 damage)
             ... on level 3 of the Dungeon on Jan 13, 2019.
             The game lasted 00:02:43 (1291 turns).

manyhoops the Skirmisher (Gnoll Wanderer)           Turns: 1291, Time: 00:02:44

Health: -6/41      AC:  8    Str: 13    XL:     4   Next: 3%
Magic:  5/5        EV:  7    Int: 14    God:
Gold:   103        SH:  8    Dex: 17    Spells: 5/5 levels left

rFire    + . .     SeeInvis .   b - +0 mace
rCold    . . .     Gourm    .   a - +0 shield
rNeg     . . .     Faith    .   l - +2 scale mail {rF+}
rPois    .         Spirit   .   (no helmet)
rElec    .         Reflect  .   (no cloak)
rCorr    .         Harm     .   (no gloves)
MR       .....                  (no boots)
Stlth    ..........             (no amulet)
HPRegen  0.13/turn              (no ring)
MPRegen  0.09/turn              (no ring)

@: no status effects
A: distributed training, fangs 1, strong nose
a: no special abilities


You were on level 3 of the Dungeon.
You were very hungry.

You visited 1 branch of the dungeon, and saw 3 of its levels.

You collected 103 gold pieces.

Inventory:

Hand Weapons
 b - a +0 mace (weapon)
 d - a +0 blowgun
Missiles
 c - 6 poisoned needles
Armour
 a - a +0 shield (worn)
 l - a +2 scale mail of fire resistance (worn)
Scrolls
 e - 2 scrolls of teleportation
 h - a scroll of immolation
 j - 2 scrolls of identify
Comestibles
 f - 2 rations


   Skills:
 + Level 6.5 Fighting
 + Level 1.0 Short Blades
 + Level 1.0 Long Blades
 + Level 4.6 Axes
 + Level 1.0 Maces & Flails
 + Level 1.0 Polearms
 + Level 1.0 Staves
 + Level 1.0 Slings
 + Level 1.0 Bows
 + Level 4.6 Crossbows
 + Level 2.7 Throwing
 + Level 2.7 Armour
 + Level 1.0 Dodging
 + Level 1.0 Stealth
 + Level 2.7 Shields
 + Level 1.0 Unarmed Combat
 + Level 1.0 Spellcasting
 + Level 0.7 Conjurations
 + Level 0.7 Hexes
 + Level 0.7 Charms
 + Level 0.7 Summonings
 + Level 0.7 Necromancy
 + Level 0.7 Translocations
 + Level 0.7 Transmutations
 + Level 0.7 Fire Magic
 + Level 0.7 Ice Magic
 + Level 0.7 Air Magic
 + Level 0.7 Earth Magic
 + Level 0.7 Poison Magic
 + Level 1.1 Invocations
 + Level 1.0 Evocations


You had 5 spell levels left.
You didn't know any spells.
Your spell library was empty.

Dungeon Overview and Level Annotations

Branches:
Dungeon (3/15)

Altars:
Elyvilon
Gozag
Wu Jian
Xom
Yredelemnul


Innate Abilities, Weirdness & Mutations

Your experience applies equally to all skills.
You have very sharp teeth.
Your uncanny sense of smell can sniff out nearby items.


Message History

Unknown command.
You feel better. You block the ice beast's attack.
You hit the ice beast.
The ice beast is heavily wounded.
The ice beast hits you. The ice beast freezes you!
* * * LOW HITPOINT WARNING * * *
You closely miss the ice beast.
The ice beast is heavily wounded.
The ice beast barely misses you.
The ice beast hits you but does no damage.
You thump the ice beast!
The ice beast is almost dead.
The ice beast hits you but does no damage.
You hit the ice beast but do no damage.
You bite the ice beast, but do no damage.
The ice beast is almost dead.
You block the ice beast's attack. The ice beast hits you.
* * * LOW HITPOINT WARNING * * *
The ice beast freezes you!
You die...

..#.# .##.P.#.## #.#.#
#.##...#.## ###.#.#
#.###.##.## ...#.# #.#
#.##.## #.#.###.#
#...... #....##.#
#......
#.###.#.###..#.#.
.#######.# #........#.#.
(...(SY@.# #.#.##...#.#.
.###.###....##.##...#.#.
#.#.###..........
..#.........>....
...............##
###########.#### #.#####
#...... #######


You could see an ice beast and an adder.

Vanquished Creatures
  Terence (D:2)
  An adder (D:3)
  An ooze (D:2)
  A dart slug (D:1)
  2 giant cockroaches (D:1)
  2 goblins (D:1)
  4 hobgoblins
  A ball python (D:2)
  A bat (D:1)
  A frilled lizard (D:1)
  4 kobolds
  2 rats (D:1)
21 creatures vanquished.

Notes
Turn   | Place    | Note
-------+----------+-------------------------------------------
     0 | D:1      | manyhoops the Gnoll Wanderer began the quest for the Orb.
     0 | D:1      | manyhoops set off with: a +0 shield, a +0 mace, 13 poisoned
                  | needles, a +0 blowgun, a +0 robe, a ration
     0 | D:1      | Reached XP level 1. HP: 23/23 MP: 1/1
   125 | D:1      | Reached XP level 2. HP: 25/29 MP: 2/2
   439 | D:2      | Found a basalt altar of Yredelemnul.
   641 | D:2      | Noticed Terence
   723 | D:2      | Killed Terence
   723 | D:2      | Reached skill level 1 in Invocations
   723 | D:2      | Reached XP level 3. HP: 6/35 MP: 2/4
   764 | D:2      | Found an opulent altar of Gozag.
  1003 | D:2      | You fall through a shaft!
  1059 | D:3      | Found a white marble altar of Elyvilon.
  1097 | D:3      | Reached skill level 1 in Short Blades
  1097 | D:3      | Reached skill level 1 in Long Blades
  1097 | D:3      | Reached skill level 1 in Maces & Flails
  1097 | D:3      | Reached skill level 1 in Polearms
  1097 | D:3      | Reached skill level 1 in Staves
  1097 | D:3      | Reached skill level 1 in Slings
  1097 | D:3      | Reached skill level 1 in Bows
  1097 | D:3      | Reached skill level 1 in Dodging
  1097 | D:3      | Reached skill level 1 in Stealth
  1097 | D:3      | Reached skill level 1 in Unarmed Combat
  1097 | D:3      | Reached skill level 1 in Spellcasting
  1097 | D:3      | Reached skill level 1 in Evocations
  1097 | D:3      | Reached XP level 4. HP: 35/41 MP: 5/5
  1171 | D:3      | Found an ornate altar of the Wu Jian Council.
  1173 | D:3      | Found a shimmering altar of Xom.
  1271 | D:3      | Noticed an ice beast
  1291 | D:3      | Mangled by an ice beast

Skill      XL: |  1  2  3 |
---------------+----------+-----
Invocations    | 1 |  1.1
Short Blades   | 1 |  1.0
Long Blades    | 1 |  1.0
Maces & Flails | 1 |  1.0
Polearms       | 1 |  1.0
Staves         | 1 |  1.0
Slings         | 1 |  1.0
Bows           | 1 |  1.0
Dodging        | 1 |  1.0
Stealth        | 1 |  1.0
Unarmed Combat | 1 |  1.0
Spellcasting   | 1 |  1.0
Evocations     | 1 |  1.0
Fighting       | |  6.5
Axes           | |  4.6
Crossbows      | |  4.6
Throwing       | |  2.7
Armour         | |  2.7
Shields        | |  2.7
Conjurations   | |  0.7
Hexes          | |  0.7
Charms         | |  0.7
Summonings     | |  0.7
Necromancy     | |  0.7
Translocations | |  0.7
Transmutations | |  0.7
Fire Magic     | |  0.7
Ice Magic      | |  0.7
Air Magic      | |  0.7
Earth Magic    | |  0.7
Poison Magic   | |  0.7

Action                   |  1- 3 |  4- 6 || total
-------------------------+-------+-------++-------
Melee: Mace              |   103 |    10 ||   113
       Bite              |    13 |     1 ||    14
 Fire: Blowgun           |       |     7 ||     7
  Use: Potion            |     2 |     1 ||     3
       Scroll            |     3 |       ||     3
 Stab: Sleeping          |     1 |       ||     1
Armor: Robe              |    15 |       ||    15
       Scale mail        |    15 |     6 ||    21
Dodge: Dodged            |    37 |     4 ||    41
Block: Shield            |    63 |     5 ||    68
